 Dungeon Crawl Stone Soup version 0.28.0-49-g6dfe1f597d (webtiles) character file.

Game seed: 3667412224935549801

1025 Peloso the Covered (level 8, -5/68 HPs)
             Began as a Minotaur Fighter on May 11, 2022.
             Slain by Menkaure (9 damage)
             ... on level 5 of the Dungeon.
             The game lasted 00:06:53 (4345 turns).

Peloso the Covered (Minotaur Fighter)               Turns: 4345, Time: 00:06:55

Health: -5/68      AC: 13    Str: 21    XL:     8   Next: 2%
Magic:  7/7        EV:  8    Int:  5    God:
Gold:   175        SH:  5    Dex: 12    Spells: 7/7 levels left

rFire   . . .      SeeInvis .   a - +0 long sword
rCold   . . .      Faith    .   c - +0 buckler
rNeg    . . .      Spirit   .   p - +0 chain mail
rPois   .          Reflect  .   (helmet restricted)
rElec   .          Harm     .   g - +1 cloak
rCorr   .          Rampage  .   (no gloves)
Will    .....                   (no boots)
Stlth   ..........              (no amulet)
HPRegen 0.21/turn               (no ring)
MPRegen 0.10/turn               (no ring)

@: no status effects
A: horns 2, retaliatory headbutt
a: no special abilities


You were on level 5 of the Dungeon.
You visited 1 branch of the dungeon, and saw 5 of its levels.

You collected 175 gold pieces.

Inventory:

Hand Weapons
 a - a +0 long sword (weapon)
 b - a +2 whip of flaming
Armour
 c - a +0 buckler (worn)
 g - a +1 cloak (worn)
 p - a +0 chain mail (worn)
Jewellery
 h - an amulet of the acrobat
 o - a ring of see invisible
Scrolls
 f - a scroll of brand weapon
 i - a scroll of identify
 j - 2 scrolls of teleportation
 k - a scroll of enchant weapon
 l - a scroll of amnesia
 m - 3 scrolls of immolation
 q - a scroll of fog {unknown}
Potions
 d - a potion of might
 e - 3 potions of mutation
 n - a potion of flight
 r - a potion of heal wounds
 s - a potion of resistance {unknown}


   Skills:
 + Level 5.2 Fighting
 + Level 6.3 Long Blades
 + Level 7.5 Armour
 + Level 2.5 Dodging
 + Level 0.3 Stealth
 + Level 5.7 Shields


You had 7 spell levels left.
You didn't know any spells.
Your spell library was empty.

Dungeon Overview and Level Annotations

Branches:
Dungeon (5/15)
 Temple: D:4-7

Altars:
Ashenzari
Elyvilon
Gozag
Nemelex Xobeh
Vehumet
Wu Jian

Shops:
D:4 *

Annotations:
D:3 Sigmund
D:4 1 runed translucent door, Crazy Yiuf
D:5 Menkaure


Innate Abilities, Weirdness & Mutations

You have a pair of horns on your head.
You reflexively headbutt those who attack you in melee.


Message History

There is a stone staircase leading up here.
Sorry, I don't know how to get there.
Found a helmet.
Found a stone staircase leading down and a stone staircase leading up.
Found 9 gold pieces.
m - 3 scrolls of immolation (gained 1)
You now have 166 gold pieces (gained 18).
You now have 175 gold pieces (gained 9).
You see here a +0 helmet.
Found a club.
Found a shimmering robe.
You see here the +3 robe "Eluell Urghy" {rC+ Dex+7}.
Menkaure, Prince of Dust comes into view.
Menkaure is nearby!
Menkaure calls on the powers of darkness!
Your body is wracked with pain!
Menkaure points at you and mumbles some strange words.
Pain shoots through your body!
Menkaure casts a spell.
Menkaure seems to speed up.
Menkaure gestures at you while chanting.
Pain shoots through your body!
You hit Menkaure.
Menkaure is lightly damaged.
Menkaure barely misses you. Menkaure hits you!
* * * LOW HITPOINT WARNING * * *
You slash Menkaure!
Menkaure is severely damaged.
Menkaure hits you!
* * * LOW HITPOINT WARNING * * *
You hit Menkaure but do no damage. You headbutt Menkaure.
Menkaure is almost destroyed.
You block Menkaure's attack.
You hit Menkaure but do no damage. You headbutt Menkaure.
Menkaure is almost destroyed.
Menkaure calls on the powers of darkness!
Your body is wracked with pain!
* * * LOW HITPOINT WARNING * * *
Menkaure hits you!
You die...

#........ #........
#........ ##........
#.........
#.........
#..M......
#.@.......
#..##..... ## #..#
#.. ...####..# ..#.
.........# ...#
........### #...#
..........### ##...#
#######.....###....#
##......#....#


You could see Menkaure (fast).

Vanquished Creatures
  Pikel (D:4)
  2 black bears
  A lemure (D:4)
  A scorpion (D:4)
  An orc priest (D:2)
  Ijyb (D:3)
  Terence (D:3)
  2 orc wizards
  Natasha (thrice) (D:2)
  Robin (D:2)
  4 adders
  6 orcs
  4 endoplasms
  A giant cockroach (D:4)
  8 goblins
  8 hobgoblins
  2 quokkas
  6 ball pythons
  3 bats
  A frilled lizard (D:2)
  5 kobolds
  A rat (D:1)
63 creatures vanquished.

Vanquished Creatures (others)
  A goblin (D:2)
  A ball python (D:4)
  4 fungi (D:1)
  17 plants
23 creatures vanquished.

Grand Total: 86 creatures vanquished

Notes
Turn   | Place    | Note
-------+----------+-------------------------------------------
     0 | D:1      | Peloso the Minotaur Fighter began the quest for the Orb.
     0 | D:1      | Reached XP level 1. HP: 19/19 MP: 0/0
   541 | D:1      | Found a faded altar of an unknown god.
   999 | D:2      | Reached skill level 4 in Armour
   999 | D:2      | Reached XP level 2. HP: 27/27 MP: 1/1
  1231 | D:2      | Noticed Natasha
  1238 | D:2      | Killed Natasha
  1239 | D:2      | Reached XP level 3. HP: 23/33 MP: 2/2
  1360 | D:2      | Noticed a black bear
  1374 | D:2      | Killed a black bear
  1375 | D:2      | Reached skill level 5 in Armour
  1375 | D:2      | Reached XP level 4. HP: 25/40 MP: 3/3
  1687 | D:2      | Noticed Robin
  1705 | D:2      | Reached XP level 5. HP: 37/46 MP: 4/4
  1706 | D:2      | Killed Robin
  1793 | D:2      | Noticed Natasha
  1803 | D:2      | Killed Natasha
  1850 | D:2      | Noticed Natasha
  1856 | D:2      | Killed Natasha
  1857 | D:2      | Reached skill level 1 in Dodging
  2164 | D:3      | Found an ornate altar of the Wu Jian Council.
  2632 | D:3      | Reached XP level 6. HP: 43/53 MP: 5/5
  2713 | D:3      | Noticed Terence
  2724 | D:3      | Killed Terence
  2782 | D:3      | Noticed Ijyb
  2805 | D:3      | Killed Ijyb
  2879 | D:3      | Found an opulent altar of Gozag.
  2898 | D:3      | Found a sparkling altar of Nemelex Xobeh.
  2898 | D:3      | Found a radiant altar of Vehumet.
  2908 | D:3      | Found a broken altar of Ashenzari.
  2980 | D:3      | Noticed Sigmund
  3074 | D:4      | Reached skill level 5 in Long Blades
  3074 | D:4      | Reached skill level 5 in Shields
  3243 | D:4      | Found a runed translucent door.
  3244 | D:4      | Noticed Crazy Yiuf
  3549 | D:4      | Noticed Pikel
  3582 | D:4      | Killed Pikel
  3583 | D:4      | Reached skill level 5 in Fighting
  3583 | D:4      | Reached skill level 7 in Armour
  3583 | D:4      | Reached XP level 7. HP: 19/61 MP: 6/6
  3966 | D:4      | Found Xays's General Store.
  3999 | D:4      | Reached XP level 8. HP: 68/68 MP: 7/7
  4011 | D:4      | Found a white marble altar of Elyvilon.
  4167 | D:5      | Entered Level 5 of the Dungeon
  4308 | D:5      | Identified the +3 robe "Eluell Urghy" {rC+ Dex+7}
  4336 | D:5      | Noticed Menkaure
  4345 | D:5      | Slain by Menkaure

Illustrated notes

Levels and vault maps discovered:
D:1:      roderic_octagonal_star, layout_basic,
          shapermc_ecumenical_altar_mp_urbaneastern
D:2:      layout_loops_corners, amcnicky_mini_corridor_feature, uniq_robin,
          uniq_natasha
D:3:      layout_rooms, nzn_wu_jian_council_hall, grunt_temple_overflow_open,
          st_stairs_13, minmay_crystal_room, minmay_misc_feat_chi, uniq_grinder,
          uniq_terence, uniq_ijyb, uniq_sigmund
D:4:      layout_rooms, elyvilon_altar_4, serial_bayou, serial_bayou_shore_a,
          serial_bayou_pond_d, serial_bayou_lake_a, serial_bayou_pond_a,
          serial_shops, kennysheep_mini, uniq_crazy_yiuf_cottage, uniq_pikel
D:5:      layout_layer_cave, nrook_mini_backslash, uniq_menkaure

Skill      XL: |  1  2  3  4  5  6 |
---------------+-------------------+-----
Armour         | 4 5 7 |  7.5
Shields        | 4 5 |  5.7
Fighting       | 4 5 |  5.2
Long Blades    | 3 4 6 |  6.3
Dodging        | 1 2 |  2.5
Stealth        | |  0.3

Action                   |  1- 3 |  4- 6 |  7- 9 || total
-------------------------+-------+-------+-------++-------
Melee: Long sword        |    43 |   157 |    21 ||   221
       Headbutt          |     8 |    19 |     4 ||    31
  Use: Scroll            |     1 |     6 |       ||     7
       Potion            |       |     4 |       ||     4
Armor: Scale mail        |    19 |    27 |       ||    46
       Chain mail        |       |    51 |    11 ||    62
Dodge: Dodged            |    12 |    67 |     5 ||    84
Block: Buckler           |    13 |    26 |     6 ||    45
